Map: Romanticide LE

Players

MCanning - Winner!

  • Race: Protoss Protoss

Antis

  • Race: Zerg Zerg

VOD

Have the link to the VOD?

Description

Time

  • Played on: Oct. 10, 2021, 3:49 p.m.
  • Length: 23:25
Show
View Real Time Build Order
Export as new Build Order

MCanning Protoss - Winner!

Build Orders: 1 Gate Expand, Oracle Opening, Carriers 

Get SALT Encoding   

  12  0:00  Probe  
  13  0:12  Probe  
  14  0:20  Pylon  
  14  0:24  Probe  
  15  0:38  Gateway, Probe (Chrono Boost)  
  16  0:48  Assimilator, Probe (Chrono Boost)  
  17  0:53  Probe (Chrono Boost)  
  18  1:04  Probe  
  19  1:16  Probe  
  20  1:24  Nexus  
  20  1:34  Cybernetics Core  
  20  1:35  Probe  
  21  1:42  Assimilator  
  21  1:47  Probe  
  21  1:51  Pylon  
  22  1:59  Probe  
  23  2:07  Adept (Chrono Boost), Probe  
  26  2:15  Probe  
  26  2:18  Stargate  
  27  2:25  Probe  
  28  2:30  Stalker (Chrono Boost)  
  28  2:36  Warp Gate  
  30  2:37  Probe  
  30  2:38  Probe  
  32  2:50  Probe x2  
  34  3:00  Void Ray (Chrono Boost)  
  34  3:02  Probe x2  
  40  3:14  Probe x2  
  40  3:17  Gateway  
  42  3:22  Pylon  
  42  3:26  Probe x2  
  44  3:33  Pylon  
  44  3:37  Oracle (Chrono Boost)  
  44  3:38  Probe  
  44  3:39  Probe  
  49  3:50  Probe  
  49  3:53  Nexus, Probe  
  51  3:59  Pylon  
  51  4:01  Void Ray (Chrono Boost)  
  51  4:02  Probe  
  52  4:05  Probe  
  57  4:14  Probe  
  57  4:16  Assimilator  
  58  4:18  Assimilator  
  58  4:19  Probe  
  59  4:26  Probe  
  59  4:27  Forge  
  59  4:29  Twilight Council  
  60  4:31  Probe  
  61  4:38  Probe  
  61  4:42  Robotics Facility  
  61  4:44  Probe  
  63  4:46  Adept  
  63  4:48  Adept  
  63  4:51  Probe  
  68  4:56  Probe (Chrono Boost)  
  69  5:03  Probe (Chrono Boost)  
  69  5:05  Probe (Chrono Boost), Charge (Chrono Boost)  
  71  5:08  Protoss Ground Weapons Level 1  
  71  5:14  Probe x2 (Chrono Boost)  
  74  5:16  Probe (Chrono Boost)  
  74  5:18  Sentry  
  74  5:19  Probe (Chrono Boost)  
  74  5:21  Probe x2 (Chrono Boost)  
  78  5:23  Gateway x2  
  78  5:27  Pylon, Sentry  
  81  5:29  Probe  
  81  5:31  Observer (Chrono Boost)  
  81  5:32  Probe x2  
  81  5:34  Assimilator  
  85  5:38  Assimilator  
  85  5:44  Pylon  
  85  5:45  Probe x3  
  85  5:47  Robotics Bay  
  85  5:48  Gateway  
  88  5:52  Shield Battery  
  88  5:53  Observer  
  89  5:57  Probe x2  
  89  5:58  Probe  
  92  6:09  Gateway, Probe x2  
  92  6:10  Observer  
  92  6:11  Gateway  
  94  6:12  Observer, Probe  
  94  6:13  Photon Cannon, Gateway  
  94  6:16  Pylon, Templar Archives  
  93  6:22  Zealot x4  
  99  6:26  Pylon  
  99  6:32  Disruptor (Chrono Boost)  
  100  6:41  Probe  
  100  6:43  Probe  
  100  6:46  Photon Cannon  
  100  6:47  Pylon  
  102  6:49  Zealot x3  
  102  6:52  Pylon  
  102  6:53  Psionic Storm, Pylon  
  108  6:58  Disruptor (Chrono Boost)  
  111  7:10  Nexus  
  111  7:12  Probe, Pylon  
  112  7:16  Zealot x4  
  112  7:21  Pylon  
  120  7:22  High Templar  
  120  7:23  Disruptor (Chrono Boost), High Templar  
  120  7:25  Protoss Ground Weapons Level 2 (Chrono Boost)  
  120  7:29  Probe  
  127  7:45  Fleet Beacon  
  127  7:47  Zealot x2  
  127  7:48  Zealot, Stargate  
  127  7:51  Photon Cannon  
  133  7:53  Photon Cannon, Observer  
  133  7:55  Probe  
  133  7:56  Shield Battery  
  134  8:06  High Templar x2  
  134  8:10  Zealot x6  
  134  8:12  Probe  
  147  8:20  Pylon  
  147  8:21  Photon Cannon  
  135  8:36  Carrier (Chrono Boost)  
  135  8:38  Protoss Air Weapons Level 1 (Chrono Boost)  
  131  8:41  Probe  
  131  8:42  Zealot  
  131  8:43  Zealot x3  
  140  8:52  Carrier (Chrono Boost)  
  140  8:54  Stargate  
  140  8:55  Zealot x4  
  154  9:03  Pylon  
  154  9:04  Assimilator  
  154  9:08  Assimilator  
  154  9:09  Pylon  
  154  9:10  Pylon  
  154  9:16  Observer  
  155  9:17  Carrier (Chrono Boost)  
  155  9:24  Photon Cannon, Zealot  
  157  9:25  Zealot x4  
  157  9:30  Mothership (Chrono Boost)  
  179  9:43  Carrier  
  180  9:53  Zealot x6  
  192  10:02  Zealot x2  
  186  10:13  Carrier  
  160  10:16  Protoss Ground Weapons Level 3 (Chrono Boost)  
  157  10:28  Dark Shrine  
  157  10:30  Zealot x3  
  157  10:31  Probe (Chrono Boost)  
  169  10:49  Protoss Air Weapons Level 2 (Chrono Boost), Carrier (Chrono Boost)  
  175  10:53  Zealot x4  
  175  10:55  Carrier (Chrono Boost)  
  178  11:12  Zealot x4  
  178  11:15  Carrier (Chrono Boost)  
  183  11:30  High Templar x4  
  189  11:37  Archon x2  
  183  11:41  Robotics Facility  
  183  11:45  Photon Cannon  
  183  11:46  Carrier  
  188  11:47  Shield Battery  
  188  11:55  Observer (Chrono Boost)  
  188  11:58  Dark Templar x2  
  193  12:07  Dark Templar  
  195  12:10  Pylon  
  195  12:11  Nexus  
  195  12:12  Pylon  
  185  12:29  Carrier  
  191  12:32  Photon Cannon  
  191  12:34  Photon Cannon, Shadow Stride (Chrono Boost)  
  191  12:36  Photon Cannon  
  191  12:38  Photon Cannon  
  191  12:39  Shield Battery  
  191  12:41  Shield Battery  
  187  12:46  Carrier  
  187  12:54  Protoss Shields Level 1 (Chrono Boost)  
  179  12:59  Zealot x8  
  195  13:15  Protoss Air Weapons Level 3 (Chrono Boost)  
  195  13:19  Probe  
  196  13:54  Zealot x3  
  196  13:55  Zealot x5  
  180  14:04  Carrier (Chrono Boost)  
  186  14:15  Carrier (Chrono Boost)  
  184  14:30  Stargate  
  184  14:32  Stargate  
  184  14:37  Dark Templar x3  
  184  14:38  Nexus  
  190  14:42  Pylon  
  194  14:49  Carrier (Chrono Boost)  
  149  15:10  Dark Templar x2  
  149  15:11  Void Ray x2 (Chrono Boost)  
  140  15:15  Carrier (Chrono Boost)  
  126  15:27  Carrier (Chrono Boost)  
  125  15:32  Assimilator  
  125  15:33  Photon Cannon  
  125  15:35  Assimilator, High Templar  
  125  15:36  High Templar  
  125  15:37  Void Ray (Chrono Boost)  
  125  15:38  Void Ray x2 (Chrono Boost)  
  125  15:39  Protoss Air Armor Level 1 (Chrono Boost)  
  129  15:49  Flux Vanes  
  137  15:55  Photon Cannon  
  137  15:57  Mothership (Chrono Boost), Shield Battery  
  137  15:59  Zealot x3  
  151  16:15  Observer (Chrono Boost)  
  151  16:18  Void Ray  
  152  16:24  Assimilator  
  152  16:25  High Templar  
  157  16:26  Assimilator  
  157  16:29  Zealot x5  
  157  16:31  Dark Templar  
  165  16:53  Photon Cannon  
  165  16:54  Photon Cannon, Void Ray (Chrono Boost)  
  165  16:56  Shield Battery  
  165  16:57  Dark Templar  
  165  16:59  Pylon  
  171  17:04  Void Ray (Chrono Boost)  
  171  17:06  Zealot x6  
  181  17:14  Zealot  
  170  17:35  Dark Templar  
  170  17:36  Dark Templar  
  167  17:37  Zealot x3  
  167  17:42  Void Ray x4  
  167  17:44  Probe  
  187  17:54  Void Ray (Chrono Boost)  
  183  18:11  High Templar  
  183  18:12  High Templar x4  
  183  18:18  Void Ray x2 (Chrono Boost)  
  183  18:19  Void Ray x2 (Chrono Boost)  
  188  18:39  Void Ray (Chrono Boost)  
  159  18:55  Observer (Chrono Boost)  
  159  18:58  Carrier (Chrono Boost)  
  171  19:03  Zealot x4  
  171  19:07  Carrier (Chrono Boost)  
  175  19:23  Pylon  
  175  19:24  Zealot  
  175  19:27  Void Ray x2 (Chrono Boost)  
  183  19:34  Void Ray (Chrono Boost)  
  183  19:36  Observer  
  184  19:40  Void Ray (Chrono Boost)  
  184  19:41  Zealot x4  
  192  19:59  Void Ray (Chrono Boost)  
  194  20:25  Void Ray (Chrono Boost)  
  187  20:37  Zealot x4  
  187  20:38  Zealot  
  187  20:39  Photon Cannon  
  187  20:41  Photon Cannon  
  197  20:42  Shield Battery  
  197  20:44  Nexus  
  197  20:47  Pylon  
  187  21:04  Zealot x4  
  185  21:05  Dark Templar  
  185  21:06  Probe  
  185  21:09  Photon Cannon  
  185  21:10  Photon Cannon  
  185  21:12  Photon Cannon  
  185  21:13  Shield Battery  
  181  21:25  Probe  
  175  21:33  Void Ray (Chrono Boost)  
  175  21:35  High Templar  
  175  21:36  High Templar x2  
  175  21:38  Dark Templar  
  187  21:42  Unknown  
  186  21:49  Void Ray (Chrono Boost)  
  186  21:56  Void Ray (Chrono Boost)  
  183  22:05  Void Ray (Chrono Boost)  
  182  22:10  Void Ray (Chrono Boost)  
  165  22:22  Void Ray (Chrono Boost)  
  167  22:37  Void Ray  
  165  23:01  Pylon x2  
Show
View Real Time Build Order
Export as new Build Order

Antis Zerg 

Build Orders: Hatch First, Lurkers, Roach Hydra 

Get SALT Encoding   

  12  0:00  Drone  
  13  0:12  Overlord  
  13  0:16  Drone  
  14  0:30  Drone x2  
  16  0:48  Hatchery  
  15  0:51  Drone  
  15  0:55  Drone  
  17  0:58  Drone  
  18  1:09  Extractor  
  17  1:12  Spawning Pool  
  17  1:16  Drone  
  17  1:20  Drone  
  18  1:27  Drone  
  19  1:40  Drone  
  20  1:49  Overlord  
  20  2:00  Queen x2  
  24  2:02  Zergling x4  
  26  2:11  Drone x2  
  26  2:12  Metabolic Boost  
  28  2:22  Drone x2  
  30  2:35  Hatchery  
  29  2:40  Drone x2  
  31  2:45  Queen  
  33  2:53  Overlord  
  33  2:57  Drone x2  
  35  3:05  Overlord  
  35  3:10  Drone  
  35  3:12  Drone x4  
  40  3:18  Overlord  
  40  3:25  Queen  
  42  3:30  Zergling x4  
  44  3:35  Spore Crawler  
  44  3:36  Queen  
  44  3:38  Spore Crawler  
  44  3:40  Drone x2  
  46  3:43  Drone  
  46  3:45  Drone  
  46  3:48  Overlord  
  48  3:52  Drone x2  
  52  3:55  Drone x2  
  52  4:02  Drone x3  
  55  4:05  Overlord  
  55  4:07  Drone  
  56  4:16  Drone x2  
  58  4:19  Queen  
  58  4:21  Overlord  
  58  4:23  Drone  
  61  4:30  Zergling x4  
  63  4:32  Drone x4  
  63  4:34  Drone x3  
  68  4:40  Extractor  
  68  4:42  Lair  
  68  4:43  Evolution Chamber  
  68  4:44  Drone  
  68  4:45  Roach Warren  
  66  4:51  Drone x5  
  71  4:54  Overlord, Extractor  
  70  5:07  Overlord  
  70  5:10  Drone x5  
  75  5:14  Zerg Missile Weapons Level 1, Extractor  
  75  5:16  Hatchery  
  75  5:17  Zergling x6  
  75  5:19  Drone x2  
  78  5:25  Overlord  
  78  5:27  Drone x4  
  82  5:33  Extractor  
  82  5:34  Drone x3, Extractor  
  83  5:38  Queen  
  85  5:42  Overseer  
  85  5:44  Glial Reconstitution  
  85  5:46  Roach x3  
  91  5:50  Drone x3  
  91  5:52  Drone x3  
  91  5:55  Spore Crawler  
  96  5:59  Drone x5  
  100  6:07  Roach x3  
  105  6:11  Evolution Chamber  
  105  6:14  Overlord x3  
  103  6:22  Overlord x2  
  103  6:24  Drone x3  
  105  6:29  Drone x7  
  105  6:32  Overlord  
  110  6:40  Zerg Ground Armor Level 1  
  110  6:42  Drone  
  110  6:43  Drone, Roach  
  110  6:44  Infestation Pit, Roach  
  115  6:51  Roach x6  
  115  6:53  Hydralisk Den  
  127  7:01  Drone x3  
  127  7:02  Overlord  
  127  7:04  Spore Crawler  
  127  7:05  Drone, Extractor  
  127  7:07  Extractor  
  127  7:08  Spine Crawler  
  126  7:10  Hatchery  
  126  7:12  Zergling x6  
  126  7:14  Zerg Missile Weapons Level 2  
  128  7:17  Zergling x2  
  128  7:18  Zergling x16  
  128  7:20  Hive  
  128  7:21  Drone x2  
  139  7:27  Grooved Spines  
  139  7:28  Lurker Den  
  137  7:33  Drone x4, Spine Crawler  
  137  7:36  Drone x3  
  144  7:37  Drone  
  144  7:43  Overlord  
  144  7:44  Overlord x3  
  144  7:45  Overseer  
  144  7:54  Overlord  
  144  7:56  Pneumatized Carapace  
  144  7:57  Overlord x2  
  144  7:58  Overlord  
  144  8:06  Hydralisk x9  
  159  8:19  Drone x4  
  163  8:23  Hydralisk x8  
  163  8:24  Extractor  
  178  8:28  Extractor  
  172  8:38  Muscular Augments  
  160  8:45  Drone x14  
  160  8:46  Drone x4  
  176  8:52  Seismic Spines  
  176  8:53  Zerg Ground Armor Level 2  
  176  9:00  Spore Crawler  
  176  9:02  Spine Crawler x2  
  174  9:06  Zergling x10  
  174  9:09  Lurker x9  
  189  9:10  Drone x2, Lurker x2  
  189  9:16  Overseer  
  191  9:17  Zergling x2  
  191  9:18  Zergling x2, Overlord  
  193  9:32  Overseer  
  193  9:36  Lurker x4  
  196  9:49  Adaptive Talons, Hatchery  
  196  9:50  Hatchery  
  189  9:53  Hydralisk x2  
  189  9:54  Hydralisk x3  
  186  10:10  Hydralisk x2  
  186  10:11  Hydralisk x10  
  192  10:17  Zergling x2, Roach x2  
  192  10:18  Zergling x6  
  200  10:22  Roach  
  200  10:24  Adrenal Glands  
  200  10:26  Spire  
  199  10:28  Hatchery  
  199  10:31  Zergling x2  
  199  10:35  Drone, Spore Crawler x4  
  195  10:36  Drone x2  
  195  10:37  Ravager  
  190  10:50  Unknown  
  189  10:58  Hydralisk  
  189  10:59  Hydralisk x4  
  199  11:06  Spire, Ultralisk Cavern  
  197  11:12  Zerg Missile Weapons Level 3  
  197  11:13  Zerg Ground Armor Level 3  
  191  11:37  Drone x5  
  191  11:38  Hatchery, Zergling x2  
  191  11:39  Zergling x8  
  199  11:43  Spore Crawler  
  199  11:45  Hatchery, Spore Crawler  
  191  11:55  Lurker  
  191  11:56  Lurker x2  
  191  11:58  Chitinous Plating  
  191  12:00  Zerg Flyer Weapons Level 1, Corruptor x2  
  198  12:08  Overseer  
  198  12:21  Spore Crawler x3, Extractor  
  198  12:22  Spore Crawler, Extractor  
  189  12:25  Corruptor x2  
  189  12:26  Corruptor x4  
  192  12:39  Burrow  
  192  12:44  Drone x8  
  199  12:47  Spore Crawler  
  199  12:49  Spore Crawler  
  199  12:50  Spore Crawler  
  189  12:52  Viper x2  
  187  12:58  Corruptor x2  
  187  12:59  Corruptor x5  
  199  13:06  Drone  
  199  13:12  Spine Crawler, Spore Crawler  
  198  13:15  Spine Crawler x2  
  198  13:19  Spore Crawler  
  194  13:21  Spore Crawler  
  193  13:32  Corruptor  
  193  13:33  Corruptor x4  
  199  13:36  Zerg Flyer Armor Level 1, Anabolic Synthesis  
  199  13:41  Spore Crawler x2  
  196  13:42  Spore Crawler  
  196  13:44  Spore Crawler  
  196  13:46  Corruptor x2  
  196  13:47  Corruptor x8  
  195  13:50  Zerg Melee Weapons Level 1  
  185  13:58  Ultralisk x2, Zergling x6  
  194  14:10  Ultralisk  
  195  14:19  Zergling x12  
  196  14:38  Hatchery  
  195  14:41  Overseer x3  
  169  15:07  Ultralisk x4  
  162  15:13  Overlord x3  
  162  15:14  Overlord  
  154  15:17  Drone x2  
  154  15:18  Drone x5, Queen  
  148  15:22  Corruptor x2  
  148  15:24  Viper  
  148  15:27  Zergling x2  
  154  15:38  Infestor  
  154  15:39  Infestor  
  158  15:54  Overseer x2  
  158  15:57  Hatchery  
  156  16:09  Corruptor  
  156  16:10  Corruptor x4  
  166  16:21  Hatchery  
  165  16:29  Corruptor  
  165  16:30  Corruptor x5  
  175  16:47  Corruptor  
  175  16:48  Corruptor x5  
  187  17:08  Drone x5  
  191  17:18  Zergling x2  
  191  17:19  Zergling x22  
  195  17:22  Infestor  
  195  17:23  Infestor  
  191  17:34  Greater Spire, Zerg Flyer Weapons Level 2  
  188  17:54  Ultralisk, Zergling x10  
  199  18:00  Spore Crawler  
  199  18:01  Spine Crawler  
  195  18:06  Spore Crawler  
  195  18:07  Spore Crawler  
  195  18:09  Spore Crawler  
  192  18:15  Corruptor x3  
  159  18:51  Overlord x3  
  159  18:52  Overlord  
  159  18:55  Hydralisk x2  
  159  18:56  Hydralisk  
  159  19:02  Ultralisk, Zergling x8  
  174  19:21  Zerg Flyer Armor Level 2  
  172  19:27  Hatchery  
  167  19:33  Corruptor x6  
  178  19:50  Infestor  
  180  19:54  Brood Lord x2  
  180  19:55  Brood Lord, Corruptor x3  
  180  19:56  Corruptor x3  
  198  20:01  Spore Crawler  
  198  20:03  Spore Crawler  
  198  20:06  Spore Crawler  
  195  20:09  Viper  
  198  20:20  Zergling x4  
  198  20:21  Zergling x6  
  199  20:27  Zergling x6  
  199  20:45  Hatchery  
  197  20:50  Hatchery  
  187  21:09  Zergling x16  
  187  21:39  Corruptor x6  
  199  21:47  Hatchery  
  193  22:00  Viper x2  
  187  22:01  Infestor x2  
  136  22:29  Corruptor x3  
  142  22:33  Queen x2  
  143  22:40  Zergling x6  
Tags
 
Add a new tag
Caveats
  • Supply blocks, unpowered buildings, or Contaminate may cause inaccurate times.
  • Supply counts are checked every 10 seconds.